← All builds
Tech / Armada / Economy first / OBSERVED BUILD

Standard tech

Armada Tech (Eco) build order · Supreme Isthmus

Rushes T2 by 4:15, gets Advanced Metal Extractor around 5:28, hands off T2 constructors to Geo and the team, then scales eco and supplies the team's T2 needs through the rest of the game.

Usually first T2 con to Geo (83%)

#eco #t2 #team support · 1574 distinct matches · 255 players · 58% of Armada Tech games · team won 53% of 1868 · Recently observed

HOW TO PLAY IT

Key timing: T2 factory by 4:15

  1. Open 3 mex and heavy wind to fund a fast T2 rush.
  2. Put down Bot Lab, planning to eat it for reclaim soon after.
  3. Get Advanced Bot Lab up, hitting the T2 factory rush timing.
  4. Upgrade mex to Advanced Metal Extractor to lock in team metal income.
  5. Eat Advanced Bot Lab and keep sending cons to Geo and Pond.

Phase by phase

TYPICAL OF ITS 1574 GAMES
  1. 1
  2. 2
  3. 3
  4. 4
PLAY THE OPENING

Follow the example game's first 6:00 step by step: what to build now, what comes next, and where it goes. At 1× it keeps pace with your own game.

  1. 1

    Up to the Bot Lab

    Economy
    • Metal Extractor3Mex
    • Wind Turbine4Wind
    Order
    1. Bot LabBot Lab after 3 mex, 4 winddone ~1:18, middle half 1:13–1:32

    Some games also: energy storage (31%)

    By 1:01 in all: 3 mex · 4 wind

    The example game in this phase · 4 steps
    1. Mex ×3
    2. Wind ×4
    3. Energy storage
    4. Bot LabBot Labdone 1:28 · typical 1:18
  2. 2

    Bot Lab to Advanced Bot Lab

    Economy
    • Metal Extractor1Mex
    • Wind Turbine8Wind
    • Energy Storage1Energy storage
    Order
    1. Advanced Bot LabAdvanced Bot Lab after 4 mex, 12 wind, 3 con turretdone ~4:16, middle half 4:04–4:30
    Builders
    • Construction Turret3 Con turret
    • Lazarus3 Lazarus
    • Construction Bot2 Con bot
    • Construction Bot1 Con bot for allies

    Some games also: converter (36%)

    By 3:18 in all: 4 mex · 12 wind · 1 energy storage · 3 con turret

    The example game in this phase · 15 steps
    1. Wind
    2. LazarusLazarus
    3. Wind
    4. LazarusLazarus ×2
    5. Windfor Suicide front
    6. LazarusLazarus
    7. Windfor Suicide front
    8. Construction BotCon bot ×2
    9. Windfor Suicide front
    10. Con turret
    11. Windfor Suicide front
    12. Mex
    13. Con turret ×2
    14. Bot LabEat Bot Labreclaimed for its metal
    15. Advanced Bot LabAdvanced Bot Labdone 4:01 · typical 4:16
  3. 3

    Advanced Bot Lab to 5:00

    Economy
    • Wind Turbine3Wind
    Order
    1. Bot LabEat Bot Lab
    Builders
    • Advanced Construction Bot1 T2 con bot for allies

    Some games also: converter (35%)

    By 5:00 in all: 4 mex · 15 wind · 1 converter · 1 energy storage · 3 con turret

    The example game in this phase · 10 steps
    1. Windfor Suicide front
    2. Wind
    3. Windfor Suicide front
    4. Wind ×2
    5. Advanced Construction BotT2 con bot ×2for Geo
    6. Advanced Metal ExtractorT2 mexdone 4:54 · typical 5:29
    7. Wind ×2
    8. FatboyFatboyfor Ponddone 6:01
    9. Advanced Metal ExtractorT2 mex ×2
    10. Wind
  4. 4

    5:00 to 10:00

    Economy
    • Wind Turbine43Wind
    • Energy Converter6Converter
    Builders
    • Butler9 Butler
    • Advanced Construction Bot4 T2 con bot for allies
    • Advanced Construction Bot1 T2 con bot

    Some games also: con turret (43%) · Butler for allies (37%)

    By 10:00 in all: 4 mex · 58 wind · 8 converter · 1 energy storage · 3 con turret

    The example game in this phase · 231 steps
    1. Wind ×3
    2. Advanced Construction BotT2 con botfor Geo sea
    3. Wind
    4. Advanced Construction BotT2 con botfor Beach sea
    5. Wind
    6. Advanced Construction BotT2 con botfor Pond
    7. Advanced Metal ExtractorT2 mex
    8. Wind
    9. Advanced Construction BotT2 con bot
    10. Wind
    11. ButlerButler
    12. Wind
    13. ButlerButler
    14. Wind ×2
    15. ButlerButler
    16. Windfor Suicide front
    17. ButlerButler
    18. Windfor Suicide front
    19. Wind
    20. ButlerButler
    21. Windfor Suicide front
    22. ButlerButler
    23. Wind
    24. ButlerButler
    25. Wind
    26. ButlerButler
    27. Wind
    28. ButlerButler
    29. Wind ×3
    30. ButlerButler
    31. Wind ×2
    32. Con turret
    33. Wind ×2
    34. ButlerButler
    35. Wind ×11
    36. ButlerButler
    37. Wind ×11
    38. Con turret
    39. Wind ×3
    40. ButlerButler
    41. Wind
    42. Converter
    43. Wind ×5
    44. Converter
    45. Wind ×6
    46. Converter
    47. Wind ×4
    48. Converter
    49. Wind ×4
    50. ButlerButler
    51. Wind
    52. Converter
    53. Wind ×5
    54. Converter
    55. Wind ×4
    56. ButlerButler
    57. Converter
    58. Wind ×6
    59. Converter
    60. Wind ×6
    61. Converter
    62. Fusion ReactorFusiondone 13:45
    63. Wind
    64. Con turret
    65. Wind ×2
    66. UmbrellaAnti-nukedone 13:03
    67. Wind ×4
    68. Converter
    69. Wind ×2
    70. Con turret
    71. Wind ×4
    72. Converter
    73. Wind ×6
    74. Converter
    75. Wind ×3
    76. Converter
    77. Wind ×3
    78. Converter
    79. Wind ×3
    80. Converter
    81. Con turret
    82. Wind
    83. Converter
    84. Wind ×3
    85. Converter
    86. Wind ×2
    87. Converter
    88. Wind ×3
    89. Converter
    90. Wind
    91. Converter
    92. Wind ×5
    93. Converter ×2
    94. Wind ×4
    95. Converter ×2
    96. Wind ×6
    97. Converter ×2
    98. Wind ×6
    99. Converter ×2
    100. Wind ×6
    101. Converter ×2
    102. Wind ×4
    103. Converter
    104. Wind ×2
    105. Converter
    106. Wind ×3
    107. Converter
    108. Wind
    109. Converter
    110. Wind ×3
    111. Converter
    112. Wind ×3
    113. Converter
    114. Wind ×3
    115. Converter
    116. Wind ×2
    117. Converter
    118. Wind ×3
    119. Converter
    120. Wind ×2
    121. Converter
    122. Wind ×4
    123. Converter
    124. Wind
    125. Converter
    126. Wind ×5
    127. Converter ×2
    128. Wind ×5
    129. Converter
    130. Wind
    131. Converter
    132. Wind ×4
    133. Converter
    134. Wind
    135. Converter
    136. Metal storage
    137. Wind ×5
    138. Converter ×2
    139. Wind ×6
    140. Converter
    141. Advanced Bot LabEat Advanced Bot Labreclaimed for its metal
    142. Converter
    143. Wind
    144. Con turret
    145. Wind ×4
    146. Con turret
    147. Converter
    148. Wind
    149. Converter
    150. Wind
    151. Con turret
    152. Wind ×3
    153. Con turret
    154. Converter
    155. Wind
    156. Converter
    157. Wind ×2
    158. Fusion ReactorFusion
    159. Wind ×3
    160. Converter ×2
    161. Wind ×5
    162. Converter
    163. Wind ×2
    164. Converter
    165. Wind ×3
    166. Converter ×2
    167. Wind ×6
    168. Converter ×2
    169. Vehicle PlantVehicle Plantdone 14:15
    170. Wind ×4
    171. Vehicle PlantVehicle Plantdone 14:18
    172. BlitzBlitz
    173. Wind ×2
    174. BlitzBlitz
    175. Wind
    176. Converter ×2
    177. BlitzBlitz ×3
    178. Wind ×2
    179. BlitzBlitz
    180. Wind
    181. BlitzBlitz ×2
    182. Converter
    183. Wind
    184. BlitzBlitz
    185. Converter
    186. Wind
    187. BlitzBlitz
    188. Wind
    189. BlitzBlitz ×2
    190. Wind ×2
    191. BlitzBlitz
    192. Wind
    193. BlitzBlitz
    194. Converter ×2
    195. Wind
    196. BlitzBlitz
    197. Wind ×2
    198. BlitzBlitz ×2
    199. Wind ×2
    200. BlitzBlitz
    201. Wind
    202. Converter
    203. Wind
    204. Converter
    205. BlitzBlitz
    206. Wind
    207. BlitzBlitz
    208. Wind
    209. BlitzBlitz
    210. Wind
    211. BlitzBlitz
    212. Wind
    213. BlitzBlitz
    214. Wind
    215. Converter ×2
    216. BlitzBlitz
    217. Wind
    218. BlitzBlitz
    219. Wind ×2
    220. BlitzBlitz
    221. Wind
    222. BlitzBlitz
    223. Converter
    224. BlitzBlitz
    225. Wind ×2
    226. BlitzBlitz
    227. Wind
    228. BlitzBlitz
    229. Converter
    230. Wind
    231. BlitzBlitz

Counts are medians over the build's games: half of them build more, half fewer. The example game is whitetiger2819's (31 OS, 24/09/2026); pick another.

Team trades

IN AT LEAST 30% OF ITS GAMES

You hand over

  • Construction Bot1 Con bot to Airfirst at 2:24 · in 84% of games
  • Advanced Construction Bot5 T2 con bot to Air or Geo sea or Pondfirst at 4:50 · in 99% of games
  • Butler2 Butler to Geo sea or Beach sea or Pondfirst at 9:07 · in 42% of games

You get

  • Hercules1 Light transport from Airfirst at 4:01 · in 86% of games

How it plays out

Typical game of this build, running totals by minute

Metal produced

020k40k
0:005:0010:0015:00

metal

Enemy metal destroyed

050100
0:005:0010:0015:00

metal

Own metal lost

050100150
0:005:0010:0015:00

metal

1868 games.

Show as table
ByMetal produced: This buildEnemy metal destroyed: This buildOwn metal lost: This build
1:0038300
2:0091500
3:00165100
4:00314300
5:00484800
6:00580000
7:00722700
8:00906100
9:001116900
10:001350200
11:001623900
12:001965200
13:002344100
14:0027357074
15:003153885130
WHAT THE NUMBERS SAY

Standard Tech play barely fights at all early, instead pouring metal into T2 infrastructure and constructors for the team.

  • + Metal produced hits 31679 by 15:00, by far the highest of any role here.
  • + T2 factory reached in 97% of games by 4:15, fastest and most reliable T2 timing.
  • − Enemy metal destroyed stays at 0 through 10:00, no early offense at all.
  • − Own metal lost also near 0, showing total avoidance of combat risk.
THE EXAMPLE YOU ARE READING

whitetiger2819

30.6 OS · 24/09/2026

Open source match ↗

2 received units
3311 metal received · 32600 energy received

Allied construction assistance is unknown. Timings are observations, not a promise of solo reproducibility.

Typical milestones

Bot Lab1:18Middle 50%: 1:13–1:32 · n=1868
Advanced Bot Lab4:16Middle 50%: 4:04–4:30 · n=1861
Advanced Metal Extractor5:29Middle 50%: 5:06–5:59 · n=1864

Played most by

Amrissa93games of this buildTheGeneraI66games of this buildAdeus57games of this buildEl_Turco56games of this buildKOT_43games of this build